 Dungeon Crawl Stone Soup version 0.31-a0-816-gd61d57ddb1 (webtiles) character file.

Game seed: 936763874067071737

189 DocSulfur the Trooper (level 5, -5/43 HPs)
             Began as a Mummy Berserker on Sept 22, 2023.
             Was a Priest of Trog.
             Killed from afar by an orc wizard (18 damage)
             ... with a puff of flame
             ... on level 4 of the Dungeon.
             The game lasted 00:04:53 (2675 turns).

DocSulfur the Trooper (Mummy Berserker)             Turns: 2675, Time: 00:04:54

Health: -5/43      AC:  6    Str: 23    XL:     5   Next: 40%
Magic:  5/5        EV:  8    Int:  6    God:    Trog [***...]
Gold:   134        SH: 10    Dex: 11    Spells: 4/4 levels left

rFire   x . .        s - +2 spear (flame)
rCold   + . .        t - +0 tower shield
rNeg    + + +        m - +0 ring mail
rPois   ∞            (no helmet)
rElec   .            (no cloak)
rCorr   .            g - +0 pair of gloves
SInv    .            (no boots)
Will    .....        (no amulet)
Stlth   +            (no ring)
HPRegen 0.27/turn    (no ring)
MPRegen 0.09/turn

%: faith
@: no status effects
A: cold resistance 1, negative energy resistance 3, torment resistance 2, heat
vulnerability 1, in touch with death 1, no potions, faith
a: Renounce Religion, Trog's Hand


You were on level 4 of the Dungeon.
You worshipped Trog.
Trog was most pleased with you.
You visited 1 branch of the dungeon, and saw 4 of its levels.

You collected 134 gold pieces.

Inventory:

Hand Weapons
 a - a +0 spear
 p - a +0 trident
 s - a +2 spear of flaming (weapon)
Missiles
 h - 9 poisoned darts
 k - 2 javelins
Armour
 b - a +0 animal skin
 g - a +0 pair of gloves (worn)
 m - a +0 ring mail (worn)
 t - a +0 tower shield (worn)
Jewellery
 q - a ring of resist corrosion
Scrolls
 c - a scroll of vulnerability {unknown}
 d - a scroll of enchant armour
 e - a scroll of silence
 f - 2 scrolls of fear
 i - a scroll of poison
 j - 4 scrolls of identify
 l - 2 scrolls of immolation {unknown}
 n - a scroll of noise {unknown}
 o - a scroll of amnesia {unknown}
 r - a scroll of revelation {unknown}


   Skills:
 + Level 4.8 Fighting
 + Level 4.0 Polearms
 - Level 1.5 Armour
 - Level 1.5 Dodging


You had 4 spell levels left.
You didn't know any spells.
Your spell library was empty.

Dungeon Overview and Level Annotations

Branches:
Dungeon (4/15)
 Temple: D:4-7

Altars:
Nemelex Xobeh
Xom

Shops:
D:2 [[


Innate Abilities, Weirdness & Mutations

You are immune to poison.
Your flesh is cold resistant. (rC+)
You are immune to negative energy. (rN+++)
You are immune to unholy pain and torment.
You are vulnerable to heat. (rF-)
You are in touch with the powers of death.
You do not drink.
You have a special connection with the divine. (Faith)


Message History

You block the orc wizard's attack.
The orc wizard hits you but does no damage.
You barely miss the orc wizard.
The orc wizard is heavily wounded.
The orc wizard casts a spell.
The orc wizard flickers and vanishes!
Deactivating autopickup; reactivate with Ctrl-A.
You miss something. Something hits you.
You closely miss something.
You hear some strange, mumbled words.
A puff of flame appears from out of thin air!
The puff of flame hits you. The fire burns you terribly!
You barely miss something. The orc closely misses you.
You hear some strange, mumbled words.
You are confused.
The orc hits you with a +0 flail. Something hits you.
You miss something. The orc hits you but does no damage.
Something hits you but does no damage.
You hit the orc. You burn the orc.
The orc is moderately wounded.
The orc barely misses you. Something hits you but does no damage.
You completely miss the orc.
The orc is moderately wounded.
The orc barely misses you. Something hits you.
You bump into the rock wall.
The orc hits you with a +0 flail. Something hits you but does no damage.
You miss the orc.
The orc is moderately wounded.
The orc closely misses you.
You hear some strange, mumbled words.
A puff of flame appears from out of thin air!
The puff of flame hits you! The fire burns you terribly!
The orc throws a boomerang.
The boomerang closely misses you. Something hits you.
You feel less confused. The orc hits you with a +0 flail.
You hear some strange, mumbled words.
A puff of flame appears from out of thin air!
The puff of flame hits you!! The fire burns you terribly!
You die...

..
.....#####...........
....
##...#...#####.....
.... #. #.....##
#.....# .##...##.
###....# #....##
.........## #....#
###...#
...#......###....##
#...#
.......#..##......#
#...# .......
#o#.......# ##..#
.w.....##@..#......#
###
.......#{...###...##
..............#####
..##..#.##....# ....
#..#...## #...
......## #.. .##.####
.. #. ## . .


You could see an orc.

Vanquished Creatures
  A scorpion (D:4)
  4 adders
  2 worms (D:2)
  2 dart slugs
  3 orcs (D:3)
  9 endoplasms
  7 giant cockroaches
  9 goblins
  7 hobgoblins
  5 jackals (D:3)
  A quokka (D:1)
  9 ball pythons
  A bat (D:3)
  3 frilled lizards
  8 kobolds
  6 rats
77 creatures vanquished.

Notes
Turn   | Place    | Note
-------+----------+-------------------------------------------
     0 | D:1      | DocSulfur the Mummy Berserker began the quest for the Orb.
     0 | D:1      | Reached XP level 1. HP: 18/18 MP: 1/1
   112 | D:1      | Reached XP level 2. HP: 24/24 MP: 2/2
   399 | D:1      | Reached ** piety under Trog
   744 | D:2      | Reached XP level 3. HP: 11/29 MP: 3/3
   822 | D:2      | Found a sparkling altar of Nemelex Xobeh.
   979 | D:2      | HP: 1/30 [goblin/+2 dagger of electrocution (15)]
  1099 | D:2      | Found Laacoidgh's Antique Armour Boutique.
  1275 | D:2      | Found Yxkos's Antique Armour Shop.
  1625 | D:3      | Reached XP level 4. HP: 37/37 MP: 4/4
  1707 | D:3      | Identified the +10 dagger of the Sage {heavy, *Slow Str+3
                  | Dex+6}
  1916 | D:3      | Reached *** piety under Trog
  2595 | D:4      | Noticed a scorpion
  2596 | D:4      | Found a shimmering altar of Xom.
  2602 | D:4      | Killed a scorpion
  2603 | D:4      | Reached XP level 5. HP: 41/43 MP: 5/5
  2675 | D:4      | Killed from afar by an orc wizard

Illustrated notes

Levels and vault maps discovered:
D:1:      amcnicky_arrival_feature_with_door, layout_rooms, serial_bayou_pond_c,
          minmay_crystal_room
D:2:      layout_basic, basic_altar, serial_shops, nicolae_shop_trees, shop
D:3:      layout_loops_ring, amethyst_killhole, glass_columns_a,
          minmay_fractal_squares_5, uniq_robin
D:4:      layout_cave_pools, mainiacjoe_overflow_cross_hatched,
          lightli_sewer_entry_pipes

Skill      XL: |  1  2  3  4 |
---------------+-------------+-----
Polearms       | 3 4 |  4.0
Fighting       | 4 |  4.8
Armour         | |  1.5
Dodging        | |  1.5

Action                     |  1- 3 |  4- 6 || total
---------------------------+-------+-------++-------
  Melee: Spear             |   161 |   119 ||   280
         Trident           |       |    26 ||    26
 Invoke: Trog's Hand       |       |     1 ||     1
    Use: Scroll            |     4 |       ||     4
   Stab: Sleeping          |     1 |       ||     1
 Armour: Animal skin       |    61 |    26 ||    87
         Ring mail         |       |    79 ||    79
  Dodge: Dodged            |    76 |    79 ||   155
  Block: Tower shield      |       |     1 ||     1

Table legend: (Time is in decaauts)
 A = Elapsed time spent in this place.
 B = Non-inter-level travel time spent in this place.
 C = Inter-level travel time spent in this place.
 D = Time resting spent in this place.
 E = Time spent auto-exploring this place.
 F = Levels seen in this place.
 G = Mean time per level.
                   A        B        C        D        E       F      G
               +--------+--------+--------+--------+--------+-----+--------+
         Total |   2669 |   2534 |    135 |     97 |   1625 |   4 |  667.2 |
       Dungeon |   2669 |   2534 |    135 |     97 |   1625 |   4 |  667.2 |
               +--------+--------+--------+--------+--------+-----+--------+

Top non-repeatable levels by time:
     D:3: 1125 daAuts
     D:1: 732 daAuts
     D:2: 644 daAuts
     D:4: 166 daAuts
